 Dungeon Crawl Stone Soup version 0.18.1-48-g4cf74bf (webtiles) character file.

0 glosham the Skirmisher (level 1, -26/16 HPs)
             Began as a High Elf Abyssal Knight on Sept 13, 2016.
             Was a Follower of Lugonu.
             Killed from afar by a wretched star (41 damage)
             ... with an orb of energy
             ... on level 3 of the Abyss.
             The game lasted 00:03:28 (179 turns).

glosham the Skirmisher (High Elf Abyssal Knight)     Turns: 179, Time: 00:03:29

Health: -26/16     AC:  1    Str: 11    XL:     1   Next: 0%
Magic:  3/3        EV: 12    Int: 19    God:    Lugonu [*.....]
Gold:   104        SH:  0    Dex: 14    Spells: 0 memorised, 0 levels left

rFire  . . .     SeeInvis .     a - +1 falchion
rCold  . . .     Gourm    .     b - +0 leather armour
rNeg   . . .     Faith    .     (no shield)
rPois  .         Spirit   .     (no helmet)
rElec  .         Dismiss  .     (no cloak)
rCorr  .         Reflect  .     (no gloves)
SustAt .         Harm     .     (no boots)
MR     .....                    (no amulet)
Stlth  +.........               (no ring)
                                e - +4 ring of intelligence

@: not resistant to hostile enchantments, very unstealthy
A: blurry vision 2, deformed body, deterioration 2, low mp 2
a: Depart the Abyss, Renounce Religion


You were on level 3 of the Abyss.
You worshipped Lugonu.
Lugonu was aware of your devotion.
You were not hungry.

You visited 0 branches of the dungeon, and saw 0 of its levels.
You visited the Abyss 1 time.

You collected 104 gold pieces.

Inventory:

Hand Weapons
 a - a +1 falchion (weapon)
Armour
 b - a +0 leather armour (worn)
 f - a cursed +0 chain mail
 g - a +0 plate armour
Jewellery
 e - a +4 ring of intelligence (left hand)
Potions
 h - a potion of heal wounds
 i - a potion of invisibility {unknown}
 j - a potion of ambrosia {unknown}
Comestibles
 c - 2 bread rations
 d - 2 meat rations


   Skills:
 - Level 3.0 Fighting
 - Level 2.4 Long Blades
 - Level 0.8 Armour
 - Level 2.1 Dodging
 + Level 0.0 Stealth
 - Level 2.0 Invocations


You couldn't memorise any spells.
You didn't know any spells.

Dungeon Overview and Level Annotations

Branches:
Dungeon (0/15)

Altars:


Innate Abilities, Weirdness & Mutations

[Scrolls take you longer to read.]
[Armour fits poorly on your strangely shaped body.]
[Your body often deteriorates upon taking damage.]
[Your magical capacity is very low (-20% MP).]


Message History

A small abomination comes into view.
Found 14 stones.
Found a bread ration.
Found 15 gold pieces.
You see here a bread ration.
c - 2 bread rations (gained 1)
You see here 15 gold pieces.
You now have 104 gold pieces (gained 15).
A drowned soul comes into view.
A wretched star comes into view.
The wretched star pulses with an eldritch light!
You feel less energetic. x2
The wretched star pulses with an eldritch light!
You feel yourself wasting away.
You feel your body start to fall apart.
Your body twists and deforms.
The wretched star pulses with an eldritch light!
Your vision blurs. x2
Unknown command. 2 small abominations come into view.
Found a bread ration.
A large abomination comes into view.
Found a bubbling brown potion and 27 gold pieces.
You see here a bubbling brown potion.
j - a bubbling brown potion Drink which item? (? for menu, Esc to quit)
Okay, then.
A death drake comes into view.
The death drake moves out of view.
The drowned soul touches you. The drowned soul drowns you!
Ouch! That really hurt!
* * * LOW HITPOINT WARNING * * *
Drink which item? (? for menu, Esc to quit)
It was a potion of heal wounds.
You feel much better.
A large abomination comes into view.
The wretched star glows turbulently.
The orb of energy misses you.
The wretched star glows turbulently.
The orb of energy hits you!
Ouch! That really hurt!
You die...

.#.# ....*.
..#...#.##..8#
#..# .
.#.#...#..#..#...#
# #..
..#..X...X#..#...#
....... ..
.###.#.....# .
#.###.. .. ##
#.X#*###.# ## .
..# .## ##.#...#
#..# ..#
#...#.....# . ..
#.. ###.##.....# .
# #. #.@.........#
#.#....#.##...# #
#......# ....
##X#..... ...
#..#.....
.#..#.#.# . ..
.... ... ..


You could see a wretched star and 2 large abominations.

Vanquished Creatures (others)
  A drowned soul (Abyss:3)
1 creature vanquished.

Notes
Turn   | Place    | Note
--------------------------------------------------------------
     0 | Abyss:1  | glosham the High Elf Abyssal Knight began the quest for the Orb.
     0 | Abyss:1  | Reached XP level 1. HP: 16/16 MP: 3/3
    10 | Abyss:2  | Found a corrupted altar of Lugonu.
    43 | Abyss:2  | Noticed a small abomination
    82 | Abyss:3  | Noticed a small abomination
   140 | Abyss:3  | Noticed a drowned soul
   147 | Abyss:3  | Noticed a wretched star
   152 | Abyss:3  | Noticed a small abomination
   152 | Abyss:3  | Noticed a small abomination
   156 | Abyss:3  | Noticed a large abomination
   169 | Abyss:3  | Noticed a death drake
   169 | Abyss:3  | Killed a drowned soul
   176 | Abyss:3  | Noticed a large abomination
   179 | Abyss:3  | Killed from afar by a wretched star

Action                   || total
-------------------------++-------
  Use: Scroll            ||     1
       Potion            ||     1
Armor: Leather armour    ||     1
Dodge: Dodged            ||     1

Table legend:
 A = Turns spent in this place as a percentage of turns spent in the entire game.
 B = Non-inter-level travel turns spent in this place as a percentage of non-inter-level travel turns spent in the entire game.
 C = Inter-level travel turns spent in this place as a percentage of turns spent in this place.
 D = Turns resting spent in this place as a percentage of non-inter-level travel turns spent in this place.
 E = Turns spent auto-exploring this place as a percentage of non-inter-level travel turns spent in this place.
 F = Non-inter-level travel turns spent in this place divided by the number of levels of this place that you've seen.
                   A       B       C       D       E      F
               +-------+-------+-------+-------+-------+----------------------
         Total | 100.0 | 100.0 |   0.0 |   0.0 |   0.0 |  61.3
         Abyss | 100.0 | 100.0 |   0.0 |   0.0 |   0.0 |  61.3
               +-------+-------+-------+-------+-------+----------------------

Vault maps used:
Abyss:3:  abyss_rune_water_cross
